 Dungeon Crawl Stone Soup version 0.30-a0-956-gcec3b41aec (webtiles) character file.

Game seed: 6745682802516180268

145 vishdafish the Conjurer (level 5, -1/35 HPs)
             Began as a Demonspawn Conjurer on Mar 30, 2023.
             Was an Initiate of Vehumet.
             Succumbed to a gnoll's poison
             ... on level 4 of the Dungeon.
             The game lasted 00:04:10 (3234 turns).

vishdafish the Conjurer (Demonspawn Conjurer)       Turns: 3234, Time: 00:04:11

Health: -1/35      AC:  5    Str:  7    XL:     5   Next: 6%
Magic:  1/11       EV: 12    Int: 21    God:    Vehumet [......]
Gold:   76         SH:  0    Dex: 12    Spells: 11/12 levels left

rFire   . . .      SeeInvis .    (no weapon)
rCold   . . .      Faith    .    (no shield)
rNeg    . . .      Spirit   .    a - +0 robe
rPois   .          Reflect  .    (no helmet)
rElec   .          Rampage  .    (no cloak)
rCorr   .                        g - +0 pair of gloves
Will    .....                    (no boots)
Stlth   ++                       (no amulet)
HPRegen 0.25/turn                (no ring)
MPRegen 0.12/turn                (no ring)

@: brilliant, lethally poisoned (-1 -> -17), attractive
A: molten scales 1, demonic touch 1
a: Renounce Religion


You were on level 4 of the Dungeon.
You worshipped Vehumet.
Vehumet was noncommittal.
You visited 1 branch of the dungeon, and saw 4 of its levels.

You collected 76 gold pieces.

Inventory:

Missiles
 n - a throwing net
Armour
 a - a +0 robe (worn)
 g - a +0 pair of gloves (worn)
Jewellery
 d - a ring of wizardry
Wands
 k - a wand of iceblast (12)
Scrolls
 e - 3 scrolls of fear {unknown}
 h - a scroll of enchant weapon {unknown}
 i - 2 scrolls of enchant armour {unknown}
 j - 2 scrolls of identify {unknown}
 m - a scroll of blinking {unknown}
 p - a scroll of magic mapping {unknown}
 q - a scroll of summoning {unknown}
Potions
 b - a potion of brilliance
 f - a potion of attraction
 l - a potion of ambrosia {unknown}
 o - a potion of degeneration {unknown}
 r - 2 potions of resistance {unknown}
 s - a potion of heal wounds {unknown}


   Skills:
 - Level 1.7 Dodging
 - Level 1.7 Stealth
 * Level 4.2 Spellcasting
 + Level 4.9 Conjurations


You had 11 spell levels left.
You knew the following spells:

 Your Spells              Type           Power      Damage    Failure   Level
a - Magic Dart            Conj           100%       1d8       1%          1

Your spell library contained the following spells:

 Spells                   Type           Power      Damage    Failure   Level
 Searing Ray              Conj           74%        2d7       2%          2
 Kiss of Death            Conj/Necr      88%        2d12      4%          1
 Dazzling Flash           Conj/Hex       44%        N/A       13%         3
 Call Imp                 Summ           6%         N/A       19%         2
 Mephitic Cloud           Conj/Pois/Air  16%        N/A       19%         3
 Confusing Touch          Hex            6%         N/A       34%         3
 Fulminant Prism          Conj/Hex       11%        3d8       38%         4
 Iskenderun's Mystic Bla  Conj/Tloc      22%        2d6       38%         4
 Dispel Undead            Necr           6%         3d8       75%         4
 Conjure Ball Lightning   Conj/Air       11%        3x3d6     100%        6
 Discord                  Hex            3%         N/A       100%        8
 Disjunction              Tloc           3%         N/A       100%        8


Dungeon Overview and Level Annotations

Branches:
Dungeon (4/15)
 Temple: D:4-7

Altars:
Qazlal
Vehumet

Shops:
D:1 [


Innate Abilities, Weirdness & Mutations

You are partially covered in molten scales. (AC +2)
Your touch may inflict minor irresistible damage on your foes.


Message History

The magic dart hits the gnoll.
The gnoll is severely wounded.
The gnoll closely misses you.
Aiming: Magic Dart (safe; 1% risk of failure)
Press: ? - help, Q - select action, (/) - cycle Shift-Dir - straight line, f/p - gnoll
Aim: a gnoll, wielding a +0 halberd (severely wounded, 100% to hit)
The magic dart hits the gnoll.
You kill the gnoll!
Vehumet accepts your kill.
You have reached level 5!
The gnoll throws a throwing net.
The throwing net hits you.
You become entangled in the net!
You see here a throwing net.
You tear a large gash into the net.
You struggle against the net.
The gnoll hits you from afar with a +2 spear of venom.
* * * LOW HITPOINT WARNING * * *
You are poisoned.
It was a potion of brilliance.
You feel clever all of a sudden.
You feel sick.
The gnoll hits you from afar with a +2 spear of venom.
* * * LOW HITPOINT WARNING * * *
You are more poisoned.
It was a potion of curing.
You feel better.
The gnoll hits you from afar with a +2 spear of venom!
* * * LOW HITPOINT WARNING * * *
You feel better.
The gnoll hits you from afar with a +2 spear of venom.
You are lethally poisoned!
You rip the net and break free!
* * * LOW HITPOINT WARNING * * *
You feel very sick. The gnoll hits you but does no damage.
You are more poisoned.
* * * LOW HITPOINT WARNING * * *
You feel very sick.
It was a potion of attraction.
You feel attractive to monsters.
You die...

..# ##. .#.#. #.##
#..##### .#..
#..#######......# ...
.........+....... ..
##.....###......# )#
##.....'.##.....###)###
.#.....#.##.....#.g...#
.#.....#.##...........#
.#######..#.....@.....#
## ##.#....########
#.#....# #......# §
########..#..# §§§
..........>..#§§§§§
###########..######§
#......_#8 #..######§


You could see a gnoll.

Vanquished Creatures
  8 gnolls
  An adder (D:4)
  3 worms
  A dart slug (D:2)
  An orc (D:3)
  4 endoplasms
  3 giant cockroaches
  3 goblins
  8 hobgoblins
  3 jackals (D:1)
  2 quokkas (D:1)
  A ball python (D:3)
  4 bats
  A frilled lizard (D:2)
  7 rats
50 creatures vanquished.

Notes
Turn   | Place    | Note
-------+----------+-------------------------------------------
     0 | D:1      | vishdafish the Demonspawn Conjurer began the quest for the
                  | Orb.
     0 | D:1      | Reached XP level 1. HP: 13/13 MP: 3/3
   399 | D:1      | Gained mutation: Your touch may inflict minor irresistible
                  | damage on your foes. [demonic ancestry]
   399 | D:1      | Reached XP level 2. HP: 19/19 MP: 1/5
   640 | D:1      | Found Afyll's Antique Armour Shop.
   769 | D:2      | Found a faded altar of an unknown god.
  1216 | D:2      | Gained mutation: You are partially covered in molten
                  | scales. (AC +2) [demonic ancestry]
  1216 | D:2      | Reached XP level 3. HP: 21/24 MP: 1/7
  1589 | D:2      | Found a radiant altar of Vehumet.
  1599 | D:2      | Became a worshipper of Vehumet
  2144 | D:3      | Reached XP level 4. HP: 29/30 MP: 4/9
  2287 | D:3      | Found a radiant altar of Vehumet.
  3199 | D:4      | Found a stormy altar of Qazlal.
  3226 | D:4      | Reached XP level 5. HP: 14/35 MP: 0/11
  3234 | D:4      | Succumbed to a gnoll's poison

Illustrated notes

Levels and vault maps discovered:
D:1:      saegor_arrival_simple_d, layout_basic, serial_shops,
          nicolae_shop_hallway_plus
D:2:      layout_loops_corners, shapermc_ecumenical_altar_notcrosses,
          basic_altar, minmay_stone_trees_medium, minivault_23,
          hangedman_decor_points, kennysheep_generic_room_10
D:3:      layout_basic, mainiacjoe_overflow_alcove_4
D:4:      layout_basic, nicolae_qazlal_eye_of_the_storm,
          nicolae_ru_path_of_blood, lemuel_coloured_pillars_altar,
          ebering_ghost_inner_flame, minivault_27, grunt_decor_clamped,
          grunt_ministairs_11, minmay_vboxes

Skill      XL: |  1  2  3  4 |
---------------+-------------+-----
Spellcasting   | 3 4 |  4.2
Dodging        | |  1.7
Stealth        | |  1.7
Conjurations   | |  4.9

Action                     |  1- 3 |  4- 6 || total
---------------------------+-------+-------++-------
  Melee: Unarmed           |    36 |    24 ||    60
         Touch             |    15 |     8 ||    23
   Cast: Magic Dart        |    65 |    34 ||    99
    Use: Potion            |     1 |     4 ||     5
 Armour: Robe              |    14 |     9 ||    23
  Dodge: Dodged            |    28 |    25 ||    53

Table legend: (Time is in decaauts)
 A = Elapsed time spent in this place.
 B = Non-inter-level travel time spent in this place.
 C = Inter-level travel time spent in this place.
 D = Time resting spent in this place.
 E = Time spent auto-exploring this place.
 F = Levels seen in this place.
 G = Mean time per level.
                   A        B        C        D        E       F      G
               +--------+--------+--------+--------+--------+-----+--------+
         Total |   3235 |   3086 |    149 |      0 |   2696 |   4 |  808.8 |
       Dungeon |   3235 |   3086 |    149 |      0 |   2696 |   4 |  808.8 |
               +--------+--------+--------+--------+--------+-----+--------+

Top non-repeatable levels by time:
     D:2: 1252 daAuts
     D:3: 996 daAuts
     D:1: 787 daAuts
     D:4: 198 daAuts
